 Dungeon Crawl Stone Soup version 0.29.1 (webtiles) character file.

Game seed: 6337811057880160673

6424 qw the Blocker (level 10, -6/60 HPs)
             Began as a Gargoyle Fighter on Sept 13, 2022.
             Was an Elder of Okawaru.
             Mangled by a red devil
             ... wielding a +0 trident
             ... summoned by an obsidian statue
              (10 damage)
             ... on level 9 of the Dungeon.
             The game lasted 00:03:52 (11042 turns).

qw the Blocker (Gargoyle Fighter)                  Turns: 11042, Time: 00:03:53

Health: -6/60      AC: 29    Str: 24    XL:     10   Next: 98%
Magic:  14/14      EV: 14    Int:  9    God:    Okawaru [****..]
Gold:   543        SH: 23    Dex:  9    Spells: 9/9 levels left

rFire   . . .      SeeInvis .   Y - +3 war axe (flame)
rCold   + . .      Faith    .   r - +0 tower shield
rNeg    + + .      Spirit   .   s - +7 Kryia's mail coat {PotionHeal*2 rC+}
rPois   inf        Reflect  +   i - +2 helmet
rElec   +          Harm     .   k - +0 cloak
rCorr   .          Rampage  .   (no gloves)
Will    .....                   e - +0 pair of boots
Stlth   +.........              m - amulet of reflection
HPRegen 0.20/turn               l - ring of positive energy
MPRegen 0.14/turn               b - +4 ring of evasion

@: heroic
A: sickness immunity, AC +7, negative energy resistance 1, electricity
resistance, torment resistance 1, petrification resistance
a: Renounce Religion, Heroism, Finesse


You were on level 9 of the Dungeon.
You worshipped Okawaru.
Okawaru was greatly pleased with you.
You visited 2 branches of the dungeon, and saw 10 of its levels.

You collected 543 gold pieces.


Innate Abilities, Weirdness & Mutations

You are immune to sickness and miasma.
Your stone body is resilient. (AC +7)
You are immune to poison.
You resist negative energy. (rN+)
You are resistant to electric shocks. (rElec)
You are resistant to unholy torment.
You are immune to petrification.


   Skills:
 - Level 6.1(11.1) Fighting
 - Level 9.0(14.0) Axes
 - Level 1.4(6.4) Throwing
 - Level 4.5(9.5) Armour
 - Level 1.0(6.0) Dodging
 + Level 11.7(16.7) Shields
 + Level 6.1 Invocations


You had 9 spell levels left.
You didn't know any spells.
Your spell library was empty.

Inventory:

Hand Weapons
 Y - a +3 war axe of flaming (weapon)
Missiles
 c - a boomerang (quivered)
Armour
 e - a +0 pair of boots (worn)
 i - a +2 helmet (worn)
 k - a +0 cloak (worn)
 n - a +0 plate armour
 r - a +0 tower shield (worn)
 s - the +7 Kryia's mail coat (worn) {PotionHeal*2 rC+}
   (You found it on level 8 of the Dungeon)

   Potions are twice as effective at healing its wearer.
   rC:        It protects you from cold.
Jewellery
 b - a +4 ring of evasion (right hand)
 l - a ring of positive energy (left hand)
 m - an amulet of reflection (around neck)
Scrolls
 a - 3 scrolls of identify
 p - a scroll of immolation {unknown}
 u - 3 scrolls of blinking
Potions
 d - a potion of might
 f - a potion of resistance
 g - a potion of mutation
 h - 2 potions of haste
 j - 4 potions of curing
 t - a potion of invisibility {unknown}

Dungeon Overview and Level Annotations

Branches:
Dungeon (9/15)             Temple (1/1) D:5            Lair (0/5) D:9
    Orc: D:9-12

Altars:
Ashenzari
Cheibriados
Dithmenos
Elyvilon
Fedhas
Gozag
Kikubaaqudgha
Makhleb
Nemelex Xobeh
Okawaru
Qazlal
Ru
Sif Muna
Trog
Vehumet
Wu Jian
Xom
Yredelemnul
Zin
The Shining One

Annotations:
D:4 1 runed translucent door, qw's ghost, amateur GrFi
D:5 2 runed translucent doors, qw's ghost, novice GrFi
D:8 2 runed translucent doors


Message History

The crimson imp misses you.
You hit the sun demon but do no damage.
The sun demon is heavily wounded.
You hit the crimson imp but do no damage.
You block the sun demon's attack. The orange demon barely misses you.
The crimson imp blinks!
You slash the sun demon!
The sun demon is heavily wounded.
You block the sun demon's attack. You block the orange demon's attack.
You closely miss the sun demon.
The sun demon is heavily wounded.
The crimson imp blinks! x2; You block the sun demon's attack.
The orange demon closely misses you.
You slash the sun demon!
The sun demon is severely wounded.
You block the sun demon's attack. The orange demon stings you from afar.
The sun demon hits you.
You are engulfed in flames!
You closely miss the sun demon.
The sun demon is severely wounded.
The crimson imp laughs crazily.
The crimson imp blinks!
You block the orange demon's attack. The sun demon hits you!
You are engulfed in flames!
You hit the sun demon.
The sun demon is almost dead.
You block the sun demon's attack.
The orange demon stings you but does no damage.
You hit the sun demon but do no damage.
The sun demon is almost dead.
The sun demon hits you but does no damage.
The orange demon barely misses you.
You slash the sun demon!
You kill the sun demon!
The sun demon disappears in a puff of smoke!
The crimson imp disappears in a puff of smoke!
The obsidian statue's eyes glow briefly.
You block the orange demon's attack. You block the red devil's attack.
You block the orange demon's attack. x2
You closely miss the orange demon.
The red devil hits you from afar with a +0 trident!
You die...

######### ##..@....##
#..#848#..##
##.#8ยค458#..#
#..8....58..#
############..#.:8}....#
..............8..4..8..#
.#####........#8...8#..#
.# #.#####...#8#8#)).#
.# #.# #........)..#


You could see an obsidian statue, an orange demon (summoned), an ice devil
(summoned), a red devil (summoned), a crimson imp (summoned) and an ufetubus
(summoned).

Vanquished Creatures
  A two-headed ogre (D:8)
  A shadow (D:7)
  12 yaks
  A wyvern (D:9)
  A steam dragon (D:8)
  A basilisk (D:8)
  2 water moccasins
  4 orc warriors
  2 ice beasts
  A black bear (D:6)
  3 centaurs
  An ogre (D:4)
  A phantom (D:4)
  3 bullfrogs
  A gnoll sergeant (D:6)
  A scorpion (D:6)
  9 wights
  8 killer bees (D:9)
  3 howler monkeys
  A gnoll bouda (D:7)
  7 orc priests
  6 hounds
  3 jellies
  2 iguanas
  7 orc wizards
  Robin (D:4)
  8 gnolls
  5 adders
  A shadow imp (D:6)
  2 white imps
  2 ufetubi
  4 worms
  2 dart slugs
  36 orcs
  8 ball pythons
  6 bats
  10 endoplasms
  2 giant cockroaches
  22 goblins
  12 hobgoblins
  3 jackals (D:4)
  8 kobolds
  A quokka (D:4)
  4 frilled lizards
  A rat (D:3)
220 creatures vanquished.

Vanquished Creatures (others)
  An orc (D:6)
  3 fungi (D:9)
  10 plants
14 creatures vanquished.

Grand Total: 234 creatures vanquished

Notes
Turn   | Place    | Note
-------+----------+-------------------------------------------
     0 | D:1      | qw the Gargoyle Fighter began the quest for the Orb.
     0 | D:1      | Reached XP level 1. HP: 14/14 MP: 1/1
     0 | D:1      | 0 ||| qw: Version: 0.1-a-119-g272c26d
     0 | D:1      | 0 ||| qw: Game counter: 11104
     0 | D:1      | 0 ||| qw: Always use a shield: true
     0 | D:1      | 0 ||| qw: God list: Okawaru
     0 | D:1      | 0 ||| qw: Allow faded altars: false
     0 | D:1      | 0 ||| qw: Do Orc after D:15 true
     0 | D:1      | 0 ||| qw: Do second Lair branch before Depths: true
     0 | D:1      | 0 ||| qw: Lair rune preference: random
     0 | D:1      | 0 ||| qw: Plans: Normal, Zot, God:TSO, Crypt, Tomb, Pan,
                  | Slime, Hells, Zig, Abyss, Orb
     0 | D:1      | 0 ||| PLANNING D:1-11
   271 | D:1      | Reached XP level 2. HP: 19/19 MP: 2/2
   414 | D:1      | 414 ||| Stepping ~*~*~tactically~*~*~ (stealth).
   416 | D:1      | 416 ||| Stepping ~*~*~tactically~*~*~ (stealth).
   417 | D:1      | 417 ||| Stepping ~*~*~tactically~*~*~ (stealth).
   553 | D:1      | 553 ||| Stepping ~*~*~tactically~*~*~ (stealth).
   563 | D:1      | Reached skill level 3 in Axes
   736 | D:1      | Reached XP level 3. HP: 13/23 MP: 3/3
   990 | D:1      | 990 ||| UPGRADING to +0 helmet.
   995 | D:1      | 995 ||| READING scroll labelled DIQOICKINO.
  1277 | D:2      | 1277 ||| DROPPING +0 club.
  1354 | D:2      | Found a faded altar of an unknown god.
  1768 | D:2      | 1768 ||| UPGRADING to +0 pair of boots.
  1773 | D:2      | 1773 ||| UPGRADING to +0 cloak.
  1778 | D:2      | 1778 ||| READING scroll labelled QYNUS NYLU.
  1779 | D:2      | 1779 ||| DRINKING 2 bubbling pink potions.
  1954 | D:3      | 1954 ||| Stepping ~*~*~tactically~*~*~ (stealth).
  2082 | D:3      | Reached XP level 4. HP: 22/28 MP: 4/4
  2125 | D:3      | 2125 ||| Stepping ~*~*~tactically~*~*~ (stealth).
  2126 | D:3      | 2126 ||| Stepping ~*~*~tactically~*~*~ (stealth).
  2236 | D:3      | Found a basalt altar of Yredelemnul.
  2471 | D:3      | 2471 ||| Stepping ~*~*~tactically~*~*~ (water).
  2592 | D:3      | 2592 ||| Stepping ~*~*~tactically~*~*~ (stealth).
  2601 | D:3      | 2601 ||| Stepping ~*~*~tactically~*~*~ (stealth).
  2602 | D:3      | 2602 ||| Stepping ~*~*~tactically~*~*~ (stealth).
  2604 | D:3      | 2604 ||| Stepping ~*~*~tactically~*~*~ (stealth).
  2887 | D:3      | 2887 ||| Stepping ~*~*~tactically~*~*~ (water).
  2975 | D:3      | 2975 ||| UPGRADING to +0 chain mail.
  2985 | D:3      | 2985 ||| DROPPING +0 scale mail.
  2986 | D:3      | 2986 ||| UPGRADING to amulet of reflection.
  2991 | D:3      | 2991 ||| READING scroll labelled YTYREYHIOTS.
  2995 | D:3      | 2995 ||| READING scroll labelled BYJUHE MEALAXAEN.
  2996 | D:3      | 2996 ||| READING scroll labelled TUSCHA ENTEFIE.
  2997 | D:3      | 2997 ||| DRINKING 3 yellow potions.
  2998 | D:3      | 2998 ||| READING 2 scrolls of identify.
  2998 | D:3      | 2998 ||| IDENTIFYING dark potion
  3049 | D:4      | Noticed qw's ghost (amateur GrFi)
  3121 | D:4      | Found a runed translucent door.
  3173 | D:4      | Noticed an ogre
  3182 | D:4      | Killed an ogre
  3183 | D:4      | Reached XP level 5. HP: 10/32 MP: 5/5
  3425 | D:4      | Found a sacrificial altar of Ru.
  3484 | D:4      | 3484 ||| FLEEEEING.
  3485 | D:4      | 3485 ||| FLEEEEING.
  3565 | D:4      | 3565 ||| Stepping ~*~*~tactically~*~*~ (hiding).
  3576 | D:4      | Reached skill level 1 in Throwing
  3576 | D:4      | Reached XP level 6. HP: 37/37 MP: 6/6
  3680 | D:4      | 3680 ||| DROPPING +0 mace.
  4105 | D:4      | Noticed Robin
  4106 | D:4      | 4106 ||| Stepping ~*~*~tactically~*~*~ (hiding).
  4113 | D:4      | Killed Robin
  4116 | D:4      | 4116 ||| Stepping ~*~*~tactically~*~*~ (stealth).
  4452 | D:4      | 4452 ||| DROPPING ring of magical power.
  4453 | D:4      | 4453 ||| UPGRADING to ring of positive energy.
  4454 | D:4      | 4454 ||| READING scroll labelled JOIFUO JICKOD.
  4455 | D:4      | 4455 ||| READING 2 scrolls labelled YHAL RAUR BAIVI.
  4456 | D:4      | 4456 ||| DRINKING 2 brown potions.
  4457 | D:4      | 4457 ||| READING 3 scrolls of identify.
  4457 | D:4      | 4457 ||| IDENTIFYING orange potion
  4458 | D:4      | 4458 ||| DROPPING potion of berserk rage.
  4459 | D:4      | 4459 ||| DROPPING potion of flight.
  4494 | D:5      | Entered Level 5 of the Dungeon
  4663 | D:5      | Reached XP level 7. HP: 19/44 MP: 7/7
  4665 | D:5      | HP: 8/44 [orc priest/divine providence (11)]
  4666 | D:5      | 4666 ||| READING 2 scrolls of teleportation.
  4668 | D:5      | Reached skill level 6 in Axes
  4671 | D:5      | 4671 ||| READING scroll of teleportation.
  4676 | D:5      | 4676 ||| FLEEEEING.
  4677 | D:5      | 4677 ||| FLEEEEING.
  4678 | D:5      | 4678 ||| FLEEEEING.
  4679 | D:5      | 4679 ||| FLEEEEING.
  4680 | D:5      | 4680 ||| FLEEEEING.
  4681 | D:5      | 4681 ||| STAIRDANCE
  5115 | D:5      | Found a staircase to the Ecumenical Temple.
  5116 | D:5      | 5116 ||| PLANNING TEMPLE
  5123 | Temple   | Entered the Ecumenical Temple
  5344 | Temple   | 5344 ||| PLANNING D:1-11
  5366 | Temple   | Became a worshipper of Warmaster Okawaru
  5472 | D:5      | Found a bloodstained altar of Trog.
  5474 | D:5      | 5474 ||| Stepping ~*~*~tactically~*~*~ (stealth).
  5574 | D:5      | Reached skill level 1 in Dodging
  5593 | D:5      | 5593 ||| Stepping ~*~*~tactically~*~*~ (stealth).
  5594 | D:5      | 5594 ||| Stepping ~*~*~tactically~*~*~ (stealth).
  5598 | D:5      | 5598 ||| Stepping ~*~*~tactically~*~*~ (hiding).
  5732 | D:5      | 5732 ||| Stepping ~*~*~tactically~*~*~ (hiding).
  5735 | D:5      | 5735 ||| Stepping ~*~*~tactically~*~*~ (hiding).
  5964 | D:5      | Found a large runed translucent door.
  5964 | D:5      | Found a large runed translucent door.
  5965 | D:5      | Noticed qw's ghost (novice GrFi)
  6048 | D:5      | 6048 ||| READING 2 scrolls of identify.
  6048 | D:5      | 6048 ||| IDENTIFYING fizzy cyan potion
  6049 | D:5      | 6049 ||| DROPPING potion of brilliance.
  6141 | D:6      | 6141 ||| Stepping ~*~*~tactically~*~*~ (stealth).
  6232 | D:6      | 6232 ||| Stepping ~*~*~tactically~*~*~ (hiding).
  6505 | D:6      | 6505 ||| Stepping ~*~*~tactically~*~*~ (stealth).
  6518 | D:6      | Reached XP level 8. HP: 39/50 MP: 8/8
  6748 | D:6      | Identified the +5 robe of Hopscotch {rPois}
  6915 | D:6      | Reached * piety under Okawaru
  6938 | D:6      | Reached skill level 1 in Invocations
  7017 | D:6      | 7017 ||| INVOKING Heroism.
  7174 | D:6      | Found a burning altar of Makhleb.
  7230 | D:6      | 7230 ||| Stepping ~*~*~tactically~*~*~ (hiding).
  7231 | D:6      | 7231 ||| INVOKING Heroism.
  7237 | D:6      | Reached skill level 3 in Invocations
  7247 | D:6      | 7247 ||| INVOKING Heroism.
  7248 | D:6      | HP: 10/50 [gnoll sergeant/+0 spear (5)]
  7519 | D:6      | 7519 ||| UPGRADING to +4 ring of evasion.
  7520 | D:6      | 7520 ||| READING scroll labelled UNIHOL CAKI.
  7521 | D:6      | 7521 ||| READING scroll labelled ZIFRUI UNOMNYM.
  7580 | D:7      | Noticed a shadow
  7587 | D:7      | 7587 ||| INVOKING Heroism.
  7599 | D:7      | Killed a shadow
  7650 | D:7      | 7650 ||| FLEEEEING.
  7742 | D:7      | 7742 ||| INVOKING Heroism.
  7750 | D:7      | Reached XP level 9. HP: 55/55 MP: 9/12
  7757 | D:7      | Reached skill level 6 in Fighting
  7769 | D:7      | 7769 ||| INVOKING Heroism.
  7776 | D:7      | Reached ** piety under Okawaru
  7992 | D:7      | 7992 ||| INVOKING Heroism.
  8081 | D:7      | 8081 ||| Stepping ~*~*~tactically~*~*~ (stealth).
  8083 | D:7      | 8083 ||| Stepping ~*~*~tactically~*~*~ (hiding).
  8085 | D:7      | 8085 ||| Stepping ~*~*~tactically~*~*~ (hiding).
  8112 | D:7      | 8112 ||| Stepping ~*~*~tactically~*~*~ (hiding).
  8113 | D:7      | 8113 ||| Stepping ~*~*~tactically~*~*~ (hiding).
  8116 | D:7      | 8116 ||| Stepping ~*~*~tactically~*~*~ (hiding).
  8118 | D:7      | 8118 ||| Stepping ~*~*~tactically~*~*~ (hiding).
  8119 | D:7      | 8119 ||| Stepping ~*~*~tactically~*~*~ (hiding).
  8120 | D:7      | 8120 ||| Stepping ~*~*~tactically~*~*~ (hiding).
  8247 | D:7      | 8247 ||| INVOKING Heroism.
  8251 | D:7      | Reached skill level 9 in Axes
  8268 | D:7      | 8268 ||| SWAPPING to +2 war axe of flaming.
  8269 | D:7      | 8269 ||| DROPPING +0 flail.
  8270 | D:7      | 8270 ||| DROPPING +0 war axe.
  8634 | D:7      | 8634 ||| Stepping ~*~*~tactically~*~*~ (hiding).
  8640 | D:7      | 8640 ||| INVOKING Heroism.
  8643 | D:7      | 8643 ||| Stepping ~*~*~tactically~*~*~ (hiding).
  8788 | D:7      | 8788 ||| UPGRADING to +0 tower shield.
  8798 | D:7      | 8798 ||| DROPPING +0 buckler.
  8799 | D:7      | 8799 ||| READING scroll labelled WUSSONN COUMO.
  8800 | D:7      | 8800 ||| READING 2 scrolls of identify.
  8800 | D:7      | 8800 ||| IDENTIFYING silvery potion
  8801 | D:7      | 8801 ||| DROPPING potion of degeneration.
  8899 | D:8      | 8899 ||| Stepping ~*~*~tactically~*~*~ (hiding).
  8900 | D:8      | 8900 ||| Stepping ~*~*~tactically~*~*~ (hiding).
  8902 | D:8      | 8902 ||| INVOKING Heroism.
  8905 | D:8      | Reached skill level 4 in Shields
  8905 | D:8      | 8905 ||| Stepping ~*~*~tactically~*~*~ (hiding).
  9076 | D:8      | 9076 ||| Stepping ~*~*~tactically~*~*~ (stealth).
  9081 | D:8      | 9081 ||| INVOKING Heroism.
  9085 | D:8      | Reached skill level 5 in Shields
  9094 | D:8      | Reached skill level 6 in Shields
  9102 | D:8      | Reached skill level 7 in Shields
  9106 | D:8      | Reached XP level 10. HP: 46/60 MP: 13/13
  9107 | D:8      | Reached skill level 8 in Shields
  9214 | D:8      | Found the +7 Kryia's mail coat {PotionHeal*2 rC+}
  9215 | D:8      | 9215 ||| Stepping ~*~*~tactically~*~*~ (hiding).
  9410 | D:8      | Reached *** piety under Okawaru
  9421 | D:8      | 9421 ||| Stepping ~*~*~tactically~*~*~ (hiding).
  9423 | D:8      | 9423 ||| Stepping ~*~*~tactically~*~*~ (hiding).
  9424 | D:8      | 9424 ||| Stepping ~*~*~tactically~*~*~ (stealth).
  9542 | D:8      | Found a runed translucent door.
  9544 | D:8      | Found a runed translucent door.
  9574 | D:8      | Noticed a two-headed ogre
  9575 | D:8      | 9575 ||| INVOKING Heroism.
  9584 | D:8      | Killed a two-headed ogre
  9585 | D:8      | Reached skill level 9 in Shields
  9937 | D:8      | 9937 ||| Stepping ~*~*~tactically~*~*~ (hiding).
  9941 | D:8      | 9941 ||| INVOKING Heroism.
  9942 | D:8      | 9942 ||| READING 3 scrolls of identify.
  9942 | D:8      | 9942 ||| IDENTIFYING red potion
 10048 | D:8      | 10048 ||| UPGRADING to +7 Kryia's mail coat {PotionHeal*2
                  | rC+}.
 10058 | D:8      | 10058 ||| DROPPING +0 chain mail.
 10059 | D:8      | 10059 ||| READING 2 scrolls of identify.
 10059 | D:8      | 10059 ||| IDENTIFYING cyan potion
 10060 | D:8      | 10060 ||| DROPPING potion of ambrosia.
 10089 | D:9      | 10089 ||| STAIRDANCE
 10199 | D:9      | Reached skill level 10 in Shields
 10219 | D:9      | 10219 ||| INVOKING Heroism.
 10220 | D:9      | 10220 ||| DRINKING 5 potions of curing.
 10220 | D:9      | 10220 ||| (to cure confusion)
 10277 | D:9      | Found a glowing golden altar of the Shining One.
 10413 | D:9      | 10413 ||| INVOKING Heroism.
 10415 | D:9      | 10415 ||| Stepping ~*~*~tactically~*~*~ (hiding).
 10479 | D:9      | 10479 ||| READING scroll of enchant armour.
 10479 | D:9      | 10479 ||| ENCHANTING +0 helmet.
 10653 | D:9      | 10653 ||| Stepping ~*~*~tactically~*~*~ (hiding).
 10655 | D:9      | 10655 ||| Stepping ~*~*~tactically~*~*~ (hiding).
 10657 | D:9      | 10657 ||| INVOKING Heroism.
 10663 | D:9      | Reached **** piety under Okawaru
 10664 | D:9      | Reached skill level 11 in Shields
 10733 | D:9      | Found a staircase to the Lair.
 10748 | D:9      | 10748 ||| Stepping ~*~*~tactically~*~*~ (stealth).
 10750 | D:9      | 10750 ||| INVOKING Heroism.
 10830 | D:9      | 10830 ||| READING scroll of enchant armour.
 10830 | D:9      | 10830 ||| ENCHANTING +1 helmet.
 10839 | D:9      | Noticed an obsidian statue
 10840 | D:9      | 10840 ||| Stepping ~*~*~tactically~*~*~ (stealth).
 10841 | D:9      | 10841 ||| Stepping ~*~*~tactically~*~*~ (stealth).
 10843 | D:9      | 10843 ||| INVOKING Heroism.
 10857 | D:9      | Reached skill level 6 in Invocations
 10857 | D:9      | Noticed a sixfirhy
 10860 | D:9      | Noticed a smoke demon
 10860 | D:9      | 10860 ||| INVOKING Heroism.
 10878 | D:9      | Noticed a smoke demon
 10879 | D:9      | Noticed a soul eater
 10887 | D:9      | 10887 ||| INVOKING Heroism.
 10909 | D:9      | HP: 15/60 [soul eater[an obsidian statue] (7)]
 10910 | D:9      | 10910 ||| READING scroll of teleportation.
 10911 | D:9      | 10911 ||| DRINKING potion of heal wounds.
 10912 | D:9      | 10912 ||| INVOKING Heroism.
 10914 | D:9      | Noticed a soul eater
 10992 | D:9      | 10992 ||| INVOKING Heroism.
 10995 | D:9      | 10995 ||| Stepping ~*~*~tactically~*~*~ (hiding).
 10996 | D:9      | Noticed an orange demon
 11015 | D:9      | 11015 ||| INVOKING Heroism.
 11023 | D:9      | Noticed an orange demon
 11023 | D:9      | Noticed a sun demon
 11037 | D:9      | HP: 3/60 [sun demon[an obsidian statue] (17)]
 11042 | D:9      | Mangled by a red devil

Levels and vault maps discovered:
D:1:      matt_arrival_spirals, layout_rooms
D:2:      layout_basic, shapermc_ecumenical_altar_rom_forum,
          wad_floor_pattern_untrapped
D:3:      layout_basic, lemuel_round_altar, chequers_big_river, minivault_23
D:4:      kennysheep_goblin_castle, layout_gridville, nicolae_ru_path_of_blood,
          hellmonk_ghost_happy_afterlife
D:5:      layout_loops_ring, trog_hazing_becter, minmay_temple_entry_tees,
          ebering_ghost_disaster_area
D:6:      layout_cave_pods, lightli_temple_of_fire
D:7:      layout_basic, mrwooster_statue_mirror
D:8:      lemuel_insect_pit, layout_loops_ring
D:9:      layout_long_grid, tso_oasis_becter, dpeg_oklobed_lair,
          minmay_statue_bubble
Temple:   regret_index_temple_generic_petals

Skill      XL: |  1  2  3  4  5  6  7  8  9 10 |
---------------+-------------------------------+-----
Axes           | 2 3 5 7 8 9 |  9.0
Throwing       | 1 |  1.4
Fighting       | 4 5 6 |  6.1
Dodging        | 1 |  1.0
Armour         | 4 |  4.5
Invocations    | 4 6 |  6.1
Shields        | 7 11 | 11.7

Action                   |  1- 3 |  4- 6 |  7- 9 | 10-12 || total
-------------------------+-------+-------+-------+-------++-------
Melee: War axe           |   118 |   163 |   320 |   229 ||   830
Throw: Javelin           |       |    11 |    13 |       ||    24
       Boomerang         |       |    13 |     4 |    17 ||    34
Invok: Heroism           |       |       |    11 |    12 ||    23
  Use: Scroll            |     2 |     7 |     7 |     5 ||    21
       Potion            |     1 |     2 |       |     2 ||     5
Armor: Scale mail        |    74 |    24 |       |    72 ||   170
       Chain mail        |       |    54 |   140 |     8 ||   202
Dodge: Dodged            |    47 |    54 |    77 |   105 ||   283
Block: Buckler           |    17 |    56 |   100 |       ||   173
       Reflection        |       |     6 |     2 |     2 ||    10
       Tower shield      |       |       |    26 |   319 ||   345

Table legend:
 A = Non-vault XP
 B = Vault XP
 C = Vault XP percentage of total XP
 D = Non-vault monster count
 E = Vault monster count
 F = Vault count percentage of total count
                 A         B        C        D         E       F
            +---------+---------+-------+---------+---------+-------
      Total |    9112 |      66 |   0.7 |     194 |      27 |  12.2
            +---------+---------+-------+---------+---------+-------
        D:1 |      36 |       0 |   0.0 |      19 |       0 |   0.0
        D:2 |      22 |       0 |   0.0 |      11 |       0 |   0.0
        D:3 |      70 |       0 |   0.0 |      24 |       0 |   0.0
        D:4 |     374 |      55 |  12.8 |      16 |      21 |  56.8
        D:5 |     305 |      11 |   3.5 |      14 |       6 |  30.0
        D:6 |    1248 |       0 |   0.0 |      31 |       0 |   0.0
        D:7 |    1167 |       0 |   0.0 |      22 |       0 |   0.0
        D:8 |    2810 |       0 |   0.0 |      18 |       0 |   0.0
        D:9 |    3080 |       0 |   0.0 |      39 |       0 |   0.0
            +---------+---------+-------+---------+---------+-------
